 Dungeon Crawl Stone Soup version 0.21.1-1-g345015f (webtiles) character file.

1351 letownia2 the Spear-Bearer (level 8, 0/60 HPs)
             Began as a Merfolk Gladiator on Feb 13, 2018.
             Was a Follower of Ru.
             Succumbed to a gnoll sergeant's poison
             ... on level 7 of the Dungeon.
             The game lasted 00:11:30 (1789 turns).

letownia2 the Spear-Bearer (Merfolk Gladiator)      Turns: 1789, Time: 00:11:31

Health: 0/60       AC: 11    Str: 21    XL:     8   Next: 63%
Magic:  8/8        EV: 20    Int:  8    God:    Ru [*.....]
Gold:   92         SH:  0    Dex: 21    Spells: 7/7 levels left

rFire    . . .     SeeInvis .   a - +0 trident
rCold    . . .     Gourm    .   (no shield)
rNeg     . . .     Faith    .   c - +0 scale mail
rPois    .         Spirit   .   o - +2 helmet of Gallantry {Str+6}
rElec    .         Reflect  .   b - +0 cloak
rCorr    .         Harm     .   (no gloves)
MR       +....                  (no boots)
Stlth    +.........             d - amulet of magic regeneration
HPRegen  0.20/turn              t - ring of protection from magic
MPRegen  0.36/turn              (no ring)

@: agile, lethally poisoned (0 -> -10)
A: change form in water, swift swim, stealthy swim, no earth magic, no hexes
magic, no translocations magic
a: Renounce Religion


You were on level 7 of the Dungeon.
You worshipped Ru.
Ru was aware of your devotion.
You were not hungry.

You visited 1 branch of the dungeon, and saw 7 of its levels.

You collected 92 gold pieces.

Inventory:

Hand Weapons
 a - a +0 trident (weapon)
Missiles
 k - a throwing net
 s - a poisoned javelin (quivered)
Armour
 b - a +0 cloak (worn)
 c - a +0 scale mail (worn)
 m - a +0 ring mail
 o - the +2 helmet of Gallantry (worn) {Str+6}
   (You found it on level 5 of the Dungeon)

   It affects your strength (+6).
 r - a +1 hat
Jewellery
 d - an amulet of magic regeneration (around neck)
 e - an uncursed amulet of rage
 t - a ring of protection from magic (left hand)
Scrolls
 h - 2 scrolls of remove curse
Potions
 i - a potion of flight
Comestibles
 f - 3 rations
 v - a chunk of flesh


   Skills:
 - Level 4.1 Fighting
 + Level 11.7 Polearms
 - Level 2.0 Throwing
 - Level 2.8 Armour
 - Level 6.7 Dodging


You had 7 spell levels left.
You didn't know any spells.

Dungeon Overview and Level Annotations

Branches:
Dungeon (7/15)             Temple (0/1) D:7

Altars:
Dithmenos
Qazlal
Ru
Zin


Innate Abilities, Weirdness & Mutations

You revert to your normal form in water.
You are very nimble and swift while swimming.
You are very stealthy in the water. (Stealth+)
You cannot study or cast Earth magic.
You cannot study or cast Hexes magic.
You cannot study or cast Translocations magic.


Message History

An ogre comes into view. It is wielding a giant spiked club.
* * * LOW HITPOINT WARNING * * *
You feel sick.
The ogre shouts!
Items here: " (( ) ? [
Okay, then.
Okay, then.
Evoke which item? (* to show all) (? for menu, Esc to quit)
Okay, then.
Put on which piece of jewellery? (? for menu, Esc to quit)
Okay, then.
e - an amulet of rage
* * * LOW HITPOINT WARNING * * *
You feel sick.
* * * LOW HITPOINT WARNING * * *
You feel sick.
* * * LOW HITPOINT WARNING * * *
You feel sick.
Okay, then.
You die...

##..######......
##..## ###...#
######..## #####
#..#...####
#........###
###........#
#.......##
##.###### #@##
#..# ##.# #O#
#....))......
#....†.......
#...%.........
#%...%.....%..
#..........%..


You could see an ogre.

Vanquished Creatures
  Prince Ribbit (D:5)
  A phantom (D:6)
  An ice beast (D:7)
  2 ogres
  A centaur (D:5)
  3 bullfrogs
  A gnoll sergeant (D:7)
  A scorpion (D:6)
  2 howler monkeys (D:7)
  A crimson imp (D:7)
  A hound (D:5)
  An orc wizard (D:7)
  4 worker ants
  A hound zombie (D:7)
  5 gnolls (D:7)
  3 adders
  An ooze (D:6)
  A worm (D:4)
  4 dart slugs
  2 leopard geckos
  14 orcs
  2 bats
  A hobgoblin (D:2)
  4 jackals (D:2)
  2 quokkas
  3 frilled lizards
  3 goblins
  5 kobolds
  5 rats
76 creatures vanquished.

Notes
Turn   | Place    | Note
-------+----------+-------------------------------------------
     0 | D:1      | letownia2 the Merfolk Gladiator began the quest for the Orb.
     0 | D:1      | Reached XP level 1. HP: 16/16 MP: 1/1
    69 | D:2      | Reached skill level 5 in Polearms
    86 | D:1      | Reached XP level 2. HP: 3/22 MP: 2/2
   145 | D:2      | Found a stormy altar of Qazlal.
   145 | D:2      | Found a shadowy altar of Dithmenos.
   149 | D:2      | Found a sacrificial altar of Ru.
   149 | D:2      | Found a glowing silver altar of Zin.
   174 | D:2      | Became a worshipper of Ru the Awakened
   281 | D:2      | HP: 1/22 [orc/mace (8)]
   451 | D:2      | Reached XP level 3. HP: 8/27 MP: 3/3
   459 | D:2      | Reached skill level 6 in Polearms
   831 | D:4      | Reached XP level 4. HP: 24/34 MP: 4/4
   837 | D:5      | Entered Level 5 of the Dungeon
   860 | D:5      | Got a faintly glowing helmet
   871 | D:5      | Identified the +2 helmet of Gallantry {Str+6} (You found it on level 5 of the Dungeon)
   968 | D:5      | Noticed Prince Ribbit
   977 | D:5      | Killed Prince Ribbit
   977 | D:5      | Reached skill level 7 in Polearms
   977 | D:5      | Reached skill level 1 in Armour
   977 | D:5      | Reached skill level 5 in Dodging
   977 | D:5      | Reached XP level 5. HP: 39/41 MP: 5/5
   977 | D:5      | Reached XP level 6. HP: 45/47 MP: 6/6
  1033 | D:5      | Reached XP level 7. HP: 28/54 MP: 7/7
  1159 | D:6      | Reached skill level 8 in Polearms
  1326 | D:7      | Gained mutation: You cannot study or cast Earth magic. [Ru sacrifice]
  1326 | D:7      | Gained mutation: You cannot study or cast Hexes magic. [Ru sacrifice]
  1326 | D:7      | Gained mutation: You cannot study or cast Translocations magic. [Ru sacrifice]
  1326 | D:7      | Reached * piety under Ru
  1479 | D:7      | Reached skill level 9 in Polearms
  1479 | D:7      | Reached XP level 8. HP: 57/60 MP: 8/8
  1543 | D:6      | Reached skill level 10 in Polearms
  1557 | D:7      | Found a staircase to the Ecumenical Temple.
  1653 | D:7      | Noticed a hippogriff
  1770 | D:7      | Reached skill level 11 in Polearms
  1775 | D:7      | HP: 3/60 [poisoned by a gnoll sergeant]
  1786 | D:7      | HP: 2/60 [poisoned by a gnoll sergeant]
  1789 | D:7      | Succumbed to a gnoll sergeant's poison

Skill      XL: |  1  2  3  4  5  6  7  8 |
---------------+-------------------------+-----
Polearms       | 5 6 7 9 11 | 11.7
Fighting       | 3 4 |  4.1
Armour         | 1 2 |  2.8
Dodging        | 5 6 |  6.7
Throwing       | |  2.0

Action                   |  1- 3 |  4- 6 |  7- 9 || total
-------------------------+-------+-------+-------++-------
Melee: Trident           |   151 |     8 |   147 ||   306
Throw: Throwing net      |     3 |       |       ||     3
       Javelin           |       |     8 |    14 ||    22
Invok: Sacrifice Arcana  |       |       |     1 ||     1
  Use: Potion            |       |       |     6 ||     6
       Scroll            |       |       |     4 ||     4
 Stab: Held in net/web   |     1 |       |       ||     1
       Distracted        |       |       |     1 ||     1
  Eat: Chunk             |       |       |     3 ||     3
Armor: Leather armour    |    22 |       |       ||    22
       Ring mail         |     4 |       |       ||     4
       Scale mail        |       |     4 |    46 ||    50
       Skin              |       |       |     3 ||     3
Dodge: Dodged            |    75 |     7 |    87 ||   169
